 Dungeon Crawl Stone Soup version 0.29.0 (webtiles) character file.

Game seed: 8113894357450393952

553 zenocrate the Slasher (level 7, -3/50 HPs)
             Began as a Merfolk Gladiator on Aug 25, 2022.
             Was a Priest of Hepliaklqana.
             Slain by Duvessa
             ... wielding a +2 short sword of protection
              (19 damage)
             ... on level 5 of the Dungeon.
             The game lasted 00:06:43 (3757 turns).

zenocrate the Slasher (Merfolk Gladiator)           Turns: 3757, Time: 00:06:43

Health: -3/50      AC:  7    Str: 14    XL:     7   Next: 29%
Magic:  8/8        EV: 15    Int:  7    God:    Hepliaklqana [***...]
Gold:   224        SH:  0    Dex: 18    Spells: 8/8 levels left

rFire   . . .      SeeInvis .   a - +0 long sword
rCold   . . .      Faith    .   (no shield)
rNeg    . . .      Spirit   .   b - +0 leather armour
rPois   .          Reflect  .   c - +0 helmet
rElec   .          Harm     .   f - +2 cloak
rCorr   .          Rampage  .   (no gloves)
Will    .....                   (no boots)
Stlth   +.........              h - amulet of magic regeneration
HPRegen 0.16/turn               (no ring)
MPRegen 0.51/turn               (no ring)

@: lit by a corona, glowing
A: reduced essence, (nimble swimmer 2), mertail
a: Renounce Religion, Recall Ancestor, Ancestor Identity, Transference


You were on level 5 of the Dungeon.
You worshipped Hepliaklqana.
Hepliaklqana was most pleased with you.
You visited 1 branch of the dungeon, and saw 5 of its levels.

You collected 332 gold pieces.
You spent 108 gold pieces at shops.

Inventory:

Hand Weapons
 a - a +0 long sword (weapon)
Missiles
 d - 3 throwing nets (quivered)
 e - a javelin
 j - 5 silver javelins
 r - 3 poisoned darts
Armour
 b - a +0 leather armour (worn)
 c - a +0 helmet (worn)
 f - a +2 cloak (worn)
Jewellery
 h - an amulet of magic regeneration (around neck)
Scrolls
 g - a scroll of vulnerability
 i - 2 scrolls of enchant armour {unknown}
 m - a scroll of enchant weapon {unknown}
 q - a scroll of poison {unknown}
 s - a scroll of magic mapping {unknown}
Potions
 k - a potion of attraction
 l - 3 potions of lignification
 n - a potion of heal wounds
 o - a potion of might
 p - 2 potions of curing
 t - 2 potions of cancellation {unknown}


   Skills:
 - Level 5.2 Fighting
 - Level 6.3 Long Blades
 - Level 2.0 Throwing
 - Level 6.2 Dodging
 + Level 1.5 Stealth
 + Level 1.1 Spellcasting


You had 8 spell levels left.
You didn't know any spells.
Your spell library was empty.

Dungeon Overview and Level Annotations

Branches:
Dungeon (5/15)
 Temple: D:4-7

Altars:
Dithmenos
Hepliaklqana
Kikubaaqudgha
Ru
Sif Muna
Trog

Shops:
D:3 !

Annotations:
D:5 3 runed translucent doors, Duvessa; Esekla's ghost, weakling OpDe; LustLizard's ghost, novice GnWn


Innate Abilities, Weirdness & Mutations

Your life essence is reduced to manifest your ancestor. (-10% HP)
((You are very nimble when in or above water. (Stealth+, EV+, Speed+++)))
Your lower body shifts to a powerful aquatic tail in water.


Message History

You kill the hound!
You see here a hound corpse.
A dart slug comes into view.
Okay, then.
The helpless dart slug fails to defend itself.
You slash the dart slug!
You kill the dart slug!
Duvessa and Dowan come into view.
Duvessa is wielding a +2 short sword of protection and wearing a +2 ring mail of fire resistance.
Duvessa shouts!
Dowan shouts!
Dowan casts a spell at you.
You are outlined in light.
There are monsters nearby!
Cashile gestures at Dowan while chanting.
The stone arrow hits Dowan!!
You slash Dowan!
You kill Dowan!
Duvessa weeps, and shakes her weapon.
Duvessa goes berserk!
Duvessa closely misses you.
Your Stealth skill increases to level 1!
Your Spellcasting skill increases to level 1!
Duvessa hits you with a +2 short sword of protection.
Duvessa hits you with a +2 short sword of protection!
Things that are here:
a +0 dagger; a +0 robe; the elf corpse of Dowan You hit Duvessa.
Duvessa is lightly wounded.
Duvessa hits you with a +2 short sword of protection!
Cashile hits Duvessa with a +0 quarterstaff!
You barely miss Duvessa.
Duvessa is moderately wounded.
Duvessa barely misses you.
Cashile hits Duvessa but does no damage.
Duvessa hits Cashile with a +2 short sword of protection!
You hit Duvessa but do no damage.
Duvessa is moderately wounded.
Duvessa hits you with a +2 short sword of protection!
Cashile barely misses Duvessa.
Duvessa hits you with a +2 short sword of protection!!
You die...

###############
..............# ####
..............# #...
............?.#
###... #.....@......#
#..... ##....eR.....#
#.#... ######.#.####
#.#... ..###.#.######
#.#... .............#
#.....
....#..##....###..###
....#..##.#####...#
......##..# ##..#.#
......##.## #..##.#


You could see the friendly Cashile the battlemage and Duvessa (berserk, ally
target).

Vanquished Creatures
  Sigmund (D:4)
  Dowan (D:5)
  A hound (D:5)
  Jessica (D:3)
  2 iguanas
  3 adders
  2 worms
  2 dart slugs
  4 orcs (D:4)
  7 ball pythons
  4 bats
  5 endoplasms
  A giant cockroach (D:3)
  4 goblins
  4 hobgoblins
  2 jackals (D:3)
  3 quokkas
  2 frilled lizards (D:1)
  6 kobolds
  2 rats
57 creatures vanquished.

Vanquished Creatures (collateral kills)
  A necrophage (D:5)
  An orc wizard (D:4)
  2 adders
  An ufetubus (D:4)
  5 orcs
  A ball python (D:2)
  3 endoplasms
  2 giant cockroaches
  2 goblins
  4 hobgoblins
  2 bats
  A frilled lizard (D:2)
  A kobold (D:2)
  A rat (D:3)
27 creatures vanquished.

Grand Total: 84 creatures vanquished

Notes
Turn   | Place    | Note
-------+----------+-------------------------------------------
     0 | D:1      | zenocrate the Merfolk Gladiator began the quest for the
                  | Orb.
     0 | D:1      | Reached XP level 1. HP: 16/16 MP: 1/1
   189 | D:1      | Reached XP level 2. HP: 21/22 MP: 2/2
   532 | D:1      | Found a faded altar of an unknown god.
   559 | D:1      | Prayed at the altar of an unknown god.
   559 | D:1      | Became a worshipper of Hepliaklqana the Forgotten
   559 | D:1      | Reached * piety under Hepliaklqana
   842 | D:2      | Reached skill level 5 in Long Blades
   842 | D:2      | Reached XP level 3. HP: 24/24 MP: 3/3
  1294 | D:2      | Found a shimmering blue altar of Sif Muna.
  1321 | D:2      | Reached ** piety under Hepliaklqana
  1322 | D:2      | Remembered your ancestor Cashile as a battlemage
  1657 | D:3      | Found Aqeasos's Distillery.
  1688 | D:3      | Bought a potion of heal wounds for 60 gold pieces
  1688 | D:3      | Bought a potion of might for 48 gold pieces
  1794 | D:3      | Found an ancient bone altar of Kikubaaqudgha.
  1807 | D:3      | Reached XP level 4. HP: 30/30 MP: 4/4
  1810 | D:3      | Found a bloodstained altar of Trog.
  1811 | D:3      | Found a shadowy altar of Dithmenos.
  1923 | D:3      | Noticed Jessica
  1928 | D:3      | Killed Jessica
  2078 | D:3      | Reached XP level 5. HP: 36/36 MP: 5/5
  2564 | D:4      | Found a sacrificial altar of Ru.
  2572 | D:4      | Reached *** piety under Hepliaklqana
  2693 | D:4      | Noticed Sigmund
  2701 | D:4      | Killed Sigmund
  2702 | D:4      | Reached skill level 5 in Dodging
  2702 | D:4      | Reached XP level 6. HP: 35/44 MP: 6/6
  3643 | D:5      | Entered Level 5 of the Dungeon
  3646 | D:5      | Reached skill level 5 in Fighting
  3677 | D:5      | Found a runed translucent gate.
  3677 | D:5      | Found a runed translucent gate.
  3677 | D:5      | Found a runed translucent gate.
  3677 | D:5      | Noticed LustLizard's ghost (novice GnWn)
  3677 | D:5      | Noticed Esekla's ghost (weakling OpDe)
  3683 | D:5      | Reached XP level 7. HP: 50/50 MP: 7/7
  3750 | D:5      | Noticed Duvessa
  3750 | D:5      | Noticed Dowan
  3753 | D:5      | Killed Dowan
  3754 | D:5      | Reached skill level 1 in Stealth
  3754 | D:5      | Reached skill level 1 in Spellcasting
  3757 | D:5      | Slain by Duvessa

Illustrated notes

Levels and vault maps discovered:
D:1:      onia_arrival_pyramid, layout_basic,
          hellmonk_ecumenical_altar_lost_god, minmay_surrounded
D:2:      layout_loops_corners, basic_altar, minmay_misc_feat_chi
D:3:      layout_loops_corners, nicolae_kikubaaqudgha_miasma_corner,
          jmf_multi_god_temple, serial_shops, nicolae_shop_trees, uniq_jessica
D:4:      layout_basic, lemuel_tele_altar, uniq_sigmund
D:5:      layout_rooms, mainiacjoe_overflow_cross_hatched,
          minmay_temple_entry_stoned_glass, gammafunk_ghost_cemetery,
          kennysheep_another_room, minmay_shop_mayhem, uniq_duvessa

Skill      XL: |  1  2  3  4  5  6  7 |
---------------+----------------------+-----
Long Blades    | 4 5 6 |  6.3
Fighting       | 3 4 5 |  5.2
Dodging        | 5 6 |  6.2
Stealth        | 1 |  1.5
Spellcasting   | 1 |  1.1
Throwing       | |  2.0

Action                   |  1- 3 |  4- 6 |  7- 9 || total
-------------------------+-------+-------+-------++-------
Melee: Long sword        |    77 |    56 |     8 ||   141
       Punch             |       |     1 |       ||     1
Invok: Ancestor Identity |     2 |       |       ||     2
       Recall Ancestor   |     1 |       |       ||     1
       Ancestor Life: Ba |     1 |       |       ||     1
  Use: Scroll            |     2 |     3 |       ||     5
 Stab: Sleeping          |     1 |     2 |     2 ||     5
Armor: Leather armour    |    23 |    21 |     2 ||    46
Dodge: Dodged            |    62 |    35 |     4 ||   101
